 Dungeon Crawl Stone Soup version 0.29.1 (webtiles) character file.

Game seed: 695003124253857597

119394 qw the Warrior (level 16, -3/155 (157) HPs)
             Began as a Minotaur Berserker on Sept 13, 2022.
             Was a High Priest of Trog.
             Succumbed to a merfolk impaler's poison
             ... on level 2 of the Shoals.
             The game lasted 00:11:00 (30560 turns).

qw the Warrior (Minotaur Berserker)                Turns: 30560, Time: 00:11:01

HP:   -3/155 (157)  AC: 36    Str: 28    XL:     16   Next: 27%
MP:   15/15         EV: 10    Int:  8    God:    Trog [*****.]
Gold: 565           SH: 18    Dex: 12    Spells: 15/15 levels left

rFire   + . .      SeeInvis .   m - +0 broad axe
rCold   + . .      Faith    .   v - +0 kite shield
rNeg    + . .      Spirit   .   A - +0 plate armour {Will+}
rPois   .          Reflect  +   (helmet restricted)
rElec   .          Harm     .   p - +2 cloak {Will+}
rCorr   .          Rampage  .   y - +1 pair of gloves of the Shore {rF+ rC+ Regen+ Slay+2}
Will    +++..                   f - +1 pair of boots
Stlth   ..........              a - amulet of reflection
HPRegen 1.15/turn               u - ring "Ineesaru" {rN+ AC+4 Int+4}
MPRegen 0.14/turn               n - +4 ring of protection

@: lethally poisoned (-3 -> -16), about to teleport, on berserk cooldown,
slowed, lightly drained, very slow
A: horns 2, retaliatory headbutt, hooves 1, iridescent scales 1
a: Renounce Religion, Berserk, Trog's Hand, Brothers in Arms


You were on level 2 of the Shoals.
You worshipped Trog.
Trog was extremely pleased with you.
You visited 4 branches of the dungeon, and saw 24 of its levels.
You also visited: Ossuary.

You collected 2289 gold pieces.
You spent 1724 gold pieces at shops.


Innate Abilities, Weirdness & Mutations

You have a pair of horns on your head.
You reflexively headbutt those who attack you in melee.
You have large cloven feet.
You are partially covered in iridescent scales. (AC +2)


   Skills:
 - Level 18.1 Fighting
 - Level 18.0 Axes
 - Level 7.0 Throwing
 - Level 16.0 Armour
 - Level 8.0 Dodging
 + Level 15.7 Shields


You had 15 spell levels left.
You didn't know any spells.
Your spell library was empty.

Inventory:

Hand Weapons
 m - a +0 broad axe (weapon)
 s - a +1 war axe of flaming
Missiles
 o - 9 boomerangs (quivered)
Armour
 d - a +1 plate armour
 f - a +1 pair of boots (worn)
 g - a +1 chain mail of fire resistance
 j - a scarf of resistance
 p - a +2 cloak of willpower (worn)
 v - a +0 kite shield (worn)
 x - a +3 chain mail of cold resistance
 y - the +1 pair of gloves of the Shore (worn) {rF+ rC+ Regen+ Slay+2}
   (You acquired it on level 5 of the Lair of Beasts)

   Slay:      It affects your accuracy & damage with ranged weapons and melee
   (+2).
   rF:        It protects you from fire.
   rC:        It protects you from cold.
   Regen:     It increases your rate of health regeneration.
 A - a +0 plate armour of willpower (worn)
Jewellery
 a - an amulet of reflection (around neck)
 n - a +4 ring of protection (right hand)
 t - the amulet "Tebroef" {Spirit -Tele rC++ Will+ Int+3}
   (You acquired it on level 5 of the Lair of Beasts)

   [amulet of guardian spirit]

   It causes incoming damage to be divided between your reserves of health and
   magic.
   Int:       It affects your intelligence (+3).
   rC:        It greatly protects you from cold.
   -Tele:     It prevents most forms of teleportation.
   Will:      It increases your willpower.
 u - the ring "Ineesaru" (left hand) {rN+ AC+4 Int+4}
   (You found it on level 13 of the Dungeon)

   [ring of protection]

   AC:        It affects your AC (+4).
   Int:       It affects your intelligence (+4).
   rN:        It protects you from negative energy.
Wands
 r - a wand of digging (5)
Scrolls
 i - 7 scrolls of identify
 q - 10 scrolls of teleportation
Potions
 b - 7 potions of heal wounds
 c - 5 potions of resistance
 e - 15 potions of curing
 h - 5 potions of haste
 k - 6 potions of might
 w - 3 potions of mutation

Dungeon Overview and Level Annotations

Branches:
Dungeon (15/15)            Temple (0/1) D:7            Lair (5/5) D:10
 Shoals (2/4) Lair:2       Spider (0/4) Lair:3        Slime (0/5) Lair:5
    Orc (2/2) D:12            Elf (0/3) Orc:2        Vaults (0/5) D:14
 Depths (0/4) D:15        Ossuary (visited)

Altars:
Elyvilon
Uskayaw
Xom
Yredelemnul
The Shining One
Jiyva

Shops:
D:3 ((=(*   Orc:2 *[**   Shoals:1 =*

Annotations:
D:5 2 runed translucent doors, Pikel
Lair:3 2 transporters, qw's ghost, journeyman MiBe
Lair:5 2 runed translucent doors


Message History

You are more poisoned.
The merfolk closely misses you.
The merfolk aquamancer hits you with a +2 rapier of draining.
You partially resist.
You feel drained.
You slice the water elemental!!
You destroy the water elemental!
Trog accepts your kill.
You completely miss the merfolk aquamancer.
You slash the merfolk aquamancer! x2; You slice the water elemental!!
You slash the water elemental!
You feel sick.
The water elemental is engulfed in a cloud of scalding steam.
The water elemental is destroyed!
The merfolk impaler is engulfed in a cloud of scalding steam.
The merfolk impaler hits you but does no damage.
The merfolk hits you but does no damage.
You block the merfolk aquamancer's attack.
The merfolk aquamancer gestures at you while chanting.
The torrent of water hits you!!!
You are knocked back by the torrent of water.
You slam into the stone wall!
Splash!
The wave splashes down.
You block the water elemental's attack.
Your life force feels restored.
You closely miss the merfolk aquamancer.
You headbutt the merfolk aquamancer!
The merfolk aquamancer is heavily wounded.
You barely miss the merfolk aquamancer. You slash the merfolk aquamancer!
You hit the water elemental.
You are no longer berserk.
You are exhausted.
You feel yourself slow down.
You feel sick.
The merfolk impaler hits you but does no damage.
You are lethally poisoned!
The merfolk aquamancer hits you with a +2 rapier of draining.
You partially resist.
You feel drained. You block the merfolk's attack.
30560 ||| READING 11 scrolls of teleportation.
As you read the scroll of teleportation, it crumbles to dust.
You feel strangely unstable.
You die...

~~~~~~~~~~~~~~ ~
~~ ~#~~~~~~~~ ~~
~~~~~~~~~~~~ ~~~
~#~~~~~~~~~ ~~~.
.~~~~~~~~~
~~...#m~~~~~~~~
~~....Em~m~~~~.
~~...^#@m~~~~..
~~....~m)$.....
~~.....ยค#m....#
~~~~~~~~~~#~#..
~~~~~..~~~~ ~..
~~~~....>~~~ ~~
~~~..##(~~~~~ ~
~~~.. #.~~~~~~
.~~~~ .~~~~~~~


You could see a merfolk impaler, 3 merfolk aquamancers, 2 merfolk and a water
elemental.

Vanquished Creatures
  Rupert (Lair:5)
  Kirke (D:15)
  An orc warlord (D:13)
  A dire elephant (D:15)
  Josephine (Lair:5)
  A yaktaur captain (D:13)
  A great orb of eyes (D:15)
  Erolcha (D:13)
  5 hydras
  4 boulder beetles
  Erica (D:9)
  An anaconda (Lair:5)
  2 catoblepae
  An alligator snapping turtle (Shoals:1)
  3 two-headed ogres
  3 merfolk aquamancers
  2 dancing weapons (D:14)
  10 centaur warriors
  3 tengu warriors (D:13)
  2 death yaks (Lair:5)
  Sonja (D:11)
  2 skeletal warriors (D:13)
  Lodul (D:13)
  5 sea snakes (Shoals:1)
  A lindwurm (Lair:5)
  9 harpies (Shoals:1)
  A wizard (D:15)
  A deep elf archer (D:13)
  3 orc knights
  2 deep elf pyromancers
  2 wolf spiders (D:15)
  An orc sorcerer (Orc:1)
  12 ugly things
  6 fauns (Shoals:1)
  4 cyclopes
  5 manticores
  A salamander (D:15)
  An oklob plant (Lair:5)
  A water nymph (Shoals:2)
  3 merfolk sirens
  5 black mambas
  Joseph (D:8)
  16 elephants
  10 cane toads
  5 torpor snails (Lair:5)
  5 gargoyles
  3 rime drakes
  6 komodo dragons
  2 efreet (D:15)
  A yaktaur (D:13)
  An unseen horror (D:11)
  7 merfolk
  A tengu conjurer (D:13)
  4 burning bushes (Lair:3)
  A meliai (Lair:3)
  8 trolls
  10 polar bears (Lair:5)
  4 tyrant leeches (Lair:5)
  6 hornets (Lair:5)
  Prince Ribbit (D:5)
  24 blink frogs
  Grinder (D:5)
  3 snapping turtles (Shoals:1)
  4 slime creatures (D:12)
  12 dream sheep
  Sigmund (D:5)
  25 yaks
  2 vampires
  5 shadows
  7 wraiths
  A hog (shapeshifter) (D:14)
  3 wyverns
  10 water elementals
  11 basilisks
  7 vampire mosquitoes
  4 wargs (Lair:5)
  3 acid dragons
  13 water moccasins
  17 hell hounds (Lair:5)
  A hornet zombie (Ossuary)
  34 orc warriors
  15 black bears
  2 ice beasts (D:7)
  12 ogres
  4 boggarts (Lair:5)
  31 wolves
  12 centaurs
  A phantom (D:7)
  2 elf zombies (D:5)
  4 kobold brigands
  A necrophage (D:4)
  11 bullfrogs
  4 wyvern zombies (Ossuary)
  3 elf skeletons (D:5)
  A scorpion (D:7)
  14 wights
  2 gnoll sergeants
  6 water moccasin zombies (Ossuary)
  11 killer bees
  6 electric eels (D:11)
  3 centaur zombies (Ossuary)
  2 hounds
  3 jellies
  9 bullfrog zombies (Ossuary)
  2 gnoll boudas
  12 orc priests
  2 iguanas
  Natasha (thrice) (D:4)
  19 orc wizards
  3 killer bee zombies (Ossuary)
  A centaur simulacrum (D:9)
  10 mummies (Ossuary)
  2 howler monkey zombies (Ossuary)
  18 gnolls
  10 adders
  3 white imps
  A worm (D:3)
  6 dart slugs
  64 orcs
  2 ball pythons (D:3)
  8 endoplasms
  2 giant cockroaches
  6 goblins
  3 hobgoblins
  2 jackals (D:2)
  6 quokkas
  7 bats
  5 frilled lizards
  23 kobolds
  An orc skeleton (D:5)
  6 rats
778 creatures vanquished.

Vanquished Creatures (collateral kills)
  A death yak (Lair:5)
  A blink frog (Lair:5)
  11 yaks
  A water moccasin (Lair:5)
14 creatures vanquished.

Vanquished Creatures (others)
  A water nymph (Shoals:2)
  A water elemental (Shoals:2)
  2 humans (D:15)
  13 fungi
  77 plants
  3 withered plants
97 creatures vanquished.

Grand Total: 889 creatures vanquished

Notes
Turn   | Place    | Note
-------+----------+-------------------------------------------
     0 | D:1      | qw the Minotaur Berserker began the quest for the Orb.
     0 | D:1      | Reached XP level 1. HP: 19/19 MP: 0/0
     0 | D:1      | 0 ||| qw: Version: 0.1-a-119-g272c26d
     0 | D:1      | 0 ||| qw: Game counter: 11251
     0 | D:1      | 0 ||| qw: Always use a shield: true
     0 | D:1      | 0 ||| qw: Do Orc after D:15 true
     0 | D:1      | 0 ||| qw: Do second Lair branch before Depths: true
     0 | D:1      | 0 ||| qw: Lair rune preference: random
     0 | D:1      | 0 ||| qw: Plans: Normal
     0 | D:1      | 0 ||| PLANNING D:1-11
   250 | D:1      | 250 ||| Stepping ~*~*~tactically~*~*~ (hiding).
   384 | D:1      | Found a faded altar of an unknown god.
   445 | D:1      | Reached XP level 2. HP: 26/26 MP: 1/1
  1076 | D:1      | 1076 ||| UPGRADING to +0 ring mail.
  1086 | D:1      | 1086 ||| DROPPING +0 animal skin.
  1087 | D:1      | 1087 ||| DRINKING 2 brown potions.
  1097 | D:2      | Reached XP level 3. HP: 31/31 MP: 2/2
  1151 | D:2      | 1151 ||| Stepping ~*~*~tactically~*~*~ (stealth).
  1154 | D:2      | 1154 ||| Stepping ~*~*~tactically~*~*~ (stealth).
  1370 | D:2      | 1370 ||| Stepping ~*~*~tactically~*~*~ (hiding).
  1411 | D:2      | 1411 ||| Stepping ~*~*~tactically~*~*~ (stealth).
  1525 | D:2      | 1525 ||| INVOKING Berserk.
  1527 | D:2      | Reached skill level 6 in Axes
  1527 | D:2      | Reached XP level 4. HP: 22/39 MP: 3/3
  1893 | D:2      | 1893 ||| UPGRADING to +0 cloak.
  1898 | D:2      | 1898 ||| READING scroll labelled FAYMOA DI SIUST.
  1899 | D:2      | 1899 ||| READING scroll labelled WOEMEG ATUASEU.
  1900 | D:2      | 1900 ||| READING scroll labelled ZIOHIUNOEPP.
  1933 | D:3      | 1933 ||| FLEEEEING.
  1934 | D:3      | 1934 ||| STAIRDANCE
  2006 | D:3      | 2006 ||| Stepping ~*~*~tactically~*~*~ (stealth).
  2092 | D:3      | Reached ** piety under Trog
  2106 | D:3      | Found Atungag's Assorted Antiques.
  2111 | D:3      | 2111 ||| BUYING 3 smoky clear potions (70 gold).
  2111 | D:3      | Bought 3 smoky clear potions for 70 gold pieces
  2227 | D:3      | Found Kaygid's Jewellery Shop.
  2230 | D:3      | 2230 ||| SHOPLISTING amulet "Joicase" {Spirit rPois Dex+3}
                  | (617 gold, have 48).
  2230 | D:3      | 2230 ||| SHOPLISTING amulet of the acrobat (390 gold, have
                  | 48).
  2230 | D:3      | 2230 ||| SHOPLISTING ring of fire (325 gold, have 48).
  2230 | D:3      | 2230 ||| SHOPLISTING ring of poison resistance (260 gold,
                  | have 48).
  2230 | D:3      | 2230 ||| SHOPLISTING ring of see invisible (195 gold, have
                  | 48).
  2247 | D:3      | 2247 ||| Stepping ~*~*~tactically~*~*~ (stealth).
  2249 | D:3      | 2249 ||| Stepping ~*~*~tactically~*~*~ (stealth).
  2274 | D:3      | 2274 ||| Stepping ~*~*~tactically~*~*~ (stealth).
  2275 | D:3      | 2275 ||| Stepping ~*~*~tactically~*~*~ (stealth).
  2292 | D:3      | 2292 ||| INVOKING Berserk.
  2294 | D:3      | Reached XP level 5. HP: 45/45 MP: 4/4
  2330 | D:3      | 2330 ||| FLEEEEING.
  2336 | D:3      | 2336 ||| FLEEEEING.
  2442 | D:3      | Found Miant's Antique Weapon Boutique.
  2451 | D:3      | 2451 ||| BUYING flail (70 gold).
  2451 | D:3      | Bought a flail for 70 gold pieces
  2451 | D:3      | 2451 ||| SHOPLISTING glowing mace (120 gold, have 10).
  2451 | D:3      | 2451 ||| SHOPLISTING masterwork war axe (170 gold, have
                  | 10).
  2451 | D:3      | 2451 ||| SHOPLISTING war axe (70 gold, have 10).
  2451 | D:3      | 2451 ||| DROPPING +0 whip.
  2458 | D:3      | Found Ciqotwuo's Antique Weapon Emporium.
  2500 | D:3      | 2500 ||| SHOPLISTING glowing mace (144 gold, have 10).
  2500 | D:3      | 2500 ||| SHOPLISTING war axe (84 gold, have 10).
  2551 | D:3      | 2551 ||| Stepping ~*~*~tactically~*~*~ (stealth).
  2560 | D:3      | Found Pam Bemm's Weapon Boutique.
  2569 | D:3      | 2569 ||| SHOPLISTING +1 flail of venom (145 gold, have 10).
  2579 | D:3      | 2579 ||| Stepping ~*~*~tactically~*~*~ (stealth).
  2581 | D:3      | 2581 ||| Stepping ~*~*~tactically~*~*~ (hiding).
  2584 | D:3      | 2584 ||| Stepping ~*~*~tactically~*~*~ (hiding).
  2585 | D:3      | 2585 ||| Stepping ~*~*~tactically~*~*~ (hiding).
  2586 | D:3      | 2586 ||| Stepping ~*~*~tactically~*~*~ (hiding).
  2587 | D:3      | 2587 ||| Stepping ~*~*~tactically~*~*~ (hiding).
  2588 | D:3      | 2588 ||| Stepping ~*~*~tactically~*~*~ (hiding).
  2589 | D:3      | 2589 ||| Stepping ~*~*~tactically~*~*~ (hiding).
  2716 | D:3      | Found a glowing golden altar of the Shining One.
  2753 | D:3      | Found a hide-covered altar of Uskayaw.
  2892 | D:3      | 2892 ||| READING 2 scrolls labelled GUYGGE PARAEGHE.
  2893 | D:3      | 2893 ||| DRINKING 3 smoky clear potions.
  2933 | D:3      | 2933 ||| DROPPING 2 potions of lignification.
  2934 | D:3      | 2934 ||| DROPPING scroll of poison.
  3008 | D:4      | 3008 ||| Stepping ~*~*~tactically~*~*~ (hiding).
  3010 | D:4      | 3010 ||| Stepping ~*~*~tactically~*~*~ (hiding).
  3161 | D:4      | 3161 ||| Stepping ~*~*~tactically~*~*~ (stealth).
  3168 | D:4      | 3168 ||| Stepping ~*~*~tactically~*~*~ (stealth).
  3172 | D:4      | 3172 ||| Stepping ~*~*~tactically~*~*~ (stealth).
  3173 | D:4      | 3173 ||| Stepping ~*~*~tactically~*~*~ (stealth).
  3180 | D:4      | Reached XP level 6. HP: 46/53 MP: 5/5
  3196 | D:4      | 3196 ||| Stepping ~*~*~tactically~*~*~ (stealth).
  3258 | D:4      | Noticed Natasha
  3259 | D:4      | 3259 ||| INVOKING Berserk.
  3260 | D:4      | Killed Natasha
  3411 | D:4      | 3411 ||| INVOKING Berserk.
  3633 | D:4      | 3633 ||| INVOKING Berserk.
  3864 | D:4      | 3864 ||| SWAPPING to +0 war axe.
  3868 | D:4      | 3868 ||| Stepping ~*~*~tactically~*~*~ (stealth).
  3869 | D:4      | 3869 ||| DROPPING +1 hand axe.
  3883 | D:4      | Reached skill level 9 in Axes
  3889 | D:4      | 3889 ||| FLEEEEING.
  3899 | D:4      | 3899 ||| STAIRDANCE
  3947 | D:3      | 3947 ||| DROPPING ring of flight.
  3948 | D:3      | 3948 ||| READING scroll labelled DAKLOE OLOEH.
  3951 | D:3      | 3951 ||| READING scroll labelled NUS IVYNWELLA.
  4175 | D:4      | Noticed Natasha
  4176 | D:4      | 4176 ||| Stepping ~*~*~tactically~*~*~ (hiding).
  4177 | D:4      | 4177 ||| INVOKING Berserk.
  4180 | D:4      | Killed Natasha
  4316 | D:4      | Reached XP level 7. HP: 60/60 MP: 6/6
  4319 | D:4      | 4319 ||| DROPPING +0 flail.
  4354 | D:4      | Noticed Natasha
  4357 | D:4      | 4357 ||| INVOKING Berserk.
  4358 | D:4      | Killed Natasha
  4491 | D:4      | 4491 ||| Stepping ~*~*~tactically~*~*~ (stealth).
  4680 | D:4      | 4680 ||| READING scroll labelled ZILOIX ZAIRGHOISYI.
  4735 | D:5      | Entered Level 5 of the Dungeon
  4736 | D:5      | 4736 ||| PLANNING OSSUARY
  4741 | D:5      | 4741 ||| INVOKING Berserk.
  4866 | D:5      | Found a large runed translucent door.
  4866 | D:5      | Found a large runed translucent door.
  4881 | D:5      | Found a shimmering altar of Xom.
  4885 | D:5      | Noticed Pikel
  4934 | D:5      | Found a white marble altar of Elyvilon.
  4993 | D:5      | Noticed Prince Ribbit
  4996 | D:5      | 4996 ||| INVOKING Berserk.
  4999 | D:5      | Killed Prince Ribbit
  5080 | D:5      | Noticed Sigmund
  5082 | D:5      | 5082 ||| FLEEEEING.
  5097 | D:5      | Killed Sigmund
  5098 | D:5      | Reached skill level 6 in Fighting
  5098 | D:5      | Reached XP level 8. HP: 66/71 MP: 7/7
  5163 | D:5      | Noticed Grinder
  5165 | D:5      | 5165 ||| Stepping ~*~*~tactically~*~*~ (hiding).
  5166 | D:5      | 5166 ||| INVOKING Trog's Hand.
  5169 | D:5      | 5169 ||| INVOKING Berserk.
  5182 | D:5      | 5182 ||| INVOKING Trog's Hand.
  5185 | D:5      | Killed Grinder
  5386 | D:5      | Found a sand-covered staircase.
  5434 | D:5      | 5434 ||| UPGRADING to +0 scale mail.
  5444 | D:5      | 5444 ||| DROPPING +0 ring mail.
  5445 | D:5      | 5445 ||| UPGRADING to +0 chain mail.
  5455 | D:5      | 5455 ||| DROPPING +0 scale mail.
  5456 | D:5      | 5456 ||| READING scroll labelled TEMOFR AMEOQ.
  5457 | D:5      | 5457 ||| DRINKING 3 murky green potions.
  5458 | D:5      | 5458 ||| DRINKING 3 emerald potions.
  5462 | Ossuary  | Entered an ossuary
  5468 | Ossuary  | 5468 ||| Stepping ~*~*~tactically~*~*~ (stealth).
  5489 | Ossuary  | Reached skill level 3 in Armour
  5503 | Ossuary  | 5503 ||| Stepping ~*~*~tactically~*~*~ (stealth).
  5504 | Ossuary  | 5504 ||| Stepping ~*~*~tactically~*~*~ (stealth).
  5519 | Ossuary  | 5519 ||| Stepping ~*~*~tactically~*~*~ (stealth).
  5520 | Ossuary  | 5520 ||| Stepping ~*~*~tactically~*~*~ (stealth).
  5527 | Ossuary  | Reached skill level 12 in Axes
  5581 | Ossuary  | 5581 ||| Stepping ~*~*~tactically~*~*~ (stealth).
  5582 | Ossuary  | 5582 ||| Stepping ~*~*~tactically~*~*~ (stealth).
  5653 | Ossuary  | Reached XP level 9. HP: 59/79 MP: 8/8
  5774 | Ossuary  | 5774 ||| Stepping ~*~*~tactically~*~*~ (stealth).
  5810 | Ossuary  | 5810 ||| Stepping ~*~*~tactically~*~*~ (stealth).
  5861 | Ossuary  | 5861 ||| Stepping ~*~*~tactically~*~*~ (stealth).
  5862 | Ossuary  | 5862 ||| Stepping ~*~*~tactically~*~*~ (stealth).
  5866 | Ossuary  | Reached *** piety under Trog
  5934 | Ossuary  | 5934 ||| Stepping ~*~*~tactically~*~*~ (stealth).
  5935 | Ossuary  | 5935 ||| Stepping ~*~*~tactically~*~*~ (stealth).
  5938 | Ossuary  | 5938 ||| Stepping ~*~*~tactically~*~*~ (hiding).
  6331 | Ossuary  | Reached skill level 3 in Dodging
  6386 | Ossuary  | 6386 ||| UPGRADING to +4 ring of protection.
  6387 | Ossuary  | 6387 ||| READING 2 scrolls labelled UNYECA WAAMEI.
  6388 | Ossuary  | 6388 ||| READING 3 scrolls labelled UKAENWE CISUI.
  6389 | Ossuary  | 6389 ||| READING scroll labelled OKHYEGREILOE.
  6390 | Ossuary  | 6390 ||| DRINKING 2 sedimented dark potions.
  6391 | Ossuary  | 6391 ||| DRINKING 2 purple potions.
  6392 | Ossuary  | 6392 ||| READING 2 scrolls of identify.
  6392 | Ossuary  | 6392 ||| IDENTIFYING lumpy yellow potion
  6393 | Ossuary  | 6393 ||| DROPPING scroll of fear.
  6394 | Ossuary  | 6394 ||| DROPPING 2 scrolls of magic mapping.
  6395 | Ossuary  | 6395 ||| DROPPING potion of attraction.
  6396 | Ossuary  | 6396 ||| DROPPING potion of flight.
  6414 | D:5      | 6414 ||| PLANNING D:1-11
  6452 | D:5      | 6452 ||| Stepping ~*~*~tactically~*~*~ (hiding).
  6453 | D:5      | 6453 ||| Stepping ~*~*~tactically~*~*~ (hiding).
  6454 | D:5      | 6454 ||| Stepping ~*~*~tactically~*~*~ (hiding).
  6457 | D:5      | 6457 ||| INVOKING Berserk.
  6468 | D:5      | 6468 ||| Stepping ~*~*~tactically~*~*~ (stealth).
  6960 | D:5      | 6960 ||| UPGRADING to +0 plate armour.
  6970 | D:5      | 6970 ||| DROPPING +0 chain mail.
  6971 | D:5      | 6971 ||| READING scroll labelled WIECYTI GOFA.
  6972 | D:5      | 6972 ||| DRINKING 2 fuming emerald potions.
  6973 | D:5      | 6973 ||| DROPPING potion of degeneration.
  6998 | D:6      | 6998 ||| STAIRDANCE
  7087 | D:6      | Reached skill level 1 in Throwing
  7144 | D:6      | 7144 ||| Stepping ~*~*~tactically~*~*~ (stealth).
  7148 | D:6      | 7148 ||| INVOKING Berserk.
  7161 | D:6      | Reached skill level 6 in Armour
  7319 | D:6      | 7319 ||| Stepping ~*~*~tactically~*~*~ (hiding).
  7323 | D:6      | 7323 ||| INVOKING Berserk.
  7455 | D:6      | 7455 ||| FLEEEEING.
  7458 | D:6      | 7458 ||| FLEEEEING.
  7459 | D:6      | 7459 ||| FLEEEEING.
  7460 | D:6      | 7460 ||| FLEEEEING.
  7461 | D:6      | 7461 ||| FLEEEEING.
  7462 | D:6      | 7462 ||| FLEEEEING.
  7568 | D:6      | 7568 ||| INVOKING Berserk.
  7716 | D:6      | 7716 ||| Stepping ~*~*~tactically~*~*~ (hiding).
  7718 | D:6      | 7718 ||| Stepping ~*~*~tactically~*~*~ (hiding).
  7954 | D:6      | 7954 ||| UPGRADING to +2 cloak.
  7964 | D:6      | 7964 ||| DROPPING +0 cloak.
  8032 | D:7      | Found a flagged portal.
  8037 | D:7      | Found a staircase to the Ecumenical Temple.
  8041 | D:7      | 8041 ||| INVOKING Berserk.
  8181 | D:7      | Reached **** piety under Trog
  8201 | D:7      | 8201 ||| FLEEEEING.
  8202 | D:7      | 8202 ||| STAIRDANCE
  8289 | D:6      | 8289 ||| READING scroll labelled FUYBUDAAWN.
  8293 | D:7      | 8293 ||| STAIRDANCE
  8300 | D:6      | Reached XP level 10. HP: 82/88 MP: 9/9
  8381 | D:7      | 8381 ||| Stepping ~*~*~tactically~*~*~ (stealth).
  8383 | D:7      | 8383 ||| Stepping ~*~*~tactically~*~*~ (hiding).
  8392 | D:7      | 8392 ||| INVOKING Berserk.
  8534 | D:7      | 8534 ||| Stepping ~*~*~tactically~*~*~ (stealth).
  8536 | D:7      | 8536 ||| Stepping ~*~*~tactically~*~*~ (stealth).
  8537 | D:7      | 8537 ||| Stepping ~*~*~tactically~*~*~ (stealth).
  8718 | D:7      | 8718 ||| INVOKING Berserk.
  8911 | D:7      | 8911 ||| INVOKING Berserk.
  8947 | D:7      | Noticed a gargoyle
  8947 | D:7      | 8947 ||| Stepping ~*~*~tactically~*~*~ (stealth).
  8956 | D:7      | Killed a gargoyle
  8957 | D:7      | Reached skill level 15 in Axes
  9458 | D:7      | 9458 ||| Stepping ~*~*~tactically~*~*~ (stealth).
  9460 | D:7      | 9460 ||| Stepping ~*~*~tactically~*~*~ (hiding).
  9466 | D:7      | 9466 ||| DRINKING 5 potions of curing.
  9466 | D:7      | 9466 ||| (to cure confusion)
  9500 | D:7      | 9500 ||| UPGRADING to +0 buckler.
  9505 | D:7      | 9505 ||| UPGRADING to ring of positive energy.
  9506 | D:7      | 9506 ||| DRINKING 3 fizzy grey potions.
  9506 | D:7      | Gained mutation: Your muscles are strong. (Str +4, Int/Dex
                  | -1) [potion of mutation]
  9506 | D:7      | Gained mutation: You are partially covered in iridescent
                  | scales. (AC +2) [potion of mutation]
  9506 | D:7      | Gained mutation: You have hidden genetic defects. [potion
                  | of mutation]
  9507 | D:7      | 9507 ||| READING 2 scrolls of identify.
  9507 | D:7      | 9507 ||| IDENTIFYING clear potion
  9508 | D:7      | 9508 ||| DROPPING potion of ambrosia.
  9642 | D:8      | Identified the +2 leather armour of the Wheelwright {Dex+2}
  9653 | D:8      | Noticed Joseph
  9654 | D:8      | 9654 ||| Stepping ~*~*~tactically~*~*~ (hiding).
  9660 | D:8      | Noticed a two-headed ogre
  9666 | D:8      | Killed Joseph
  9667 | D:8      | Reached skill level 3 in Shields
  9667 | D:8      | 9667 ||| Stepping ~*~*~tactically~*~*~ (hiding).
  9670 | D:8      | 9670 ||| Stepping ~*~*~tactically~*~*~ (hiding).
  9671 | D:8      | 9671 ||| Stepping ~*~*~tactically~*~*~ (hiding).
  9672 | D:8      | 9672 ||| INVOKING Berserk.
  9674 | D:8      | Killed a two-headed ogre
  9676 | D:8      | Gained mutation: You have terrible hidden genetic defects.
                  | [hidden defects]
  9852 | D:8      | 9852 ||| Stepping ~*~*~tactically~*~*~ (hiding).
  9856 | D:8      | 9856 ||| Stepping ~*~*~tactically~*~*~ (hiding).
  9869 | D:8      | 9869 ||| Stepping ~*~*~tactically~*~*~ (hiding).
  9875 | D:8      | 9875 ||| INVOKING Berserk.
  9952 | D:8      | 9952 ||| Stepping ~*~*~tactically~*~*~ (stealth).
  9954 | D:8      | 9954 ||| DROPPING +0 morningstar.
  9958 | D:8      | 9958 ||| Stepping ~*~*~tactically~*~*~ (stealth).
  9981 | D:8      | 9981 ||| Stepping ~*~*~tactically~*~*~ (stealth).
 10003 | D:8      | 10003 ||| Stepping ~*~*~tactically~*~*~ (stealth).
 10005 | D:8      | 10005 ||| Stepping ~*~*~tactically~*~*~ (stealth).
 10007 | D:8      | 10007 ||| Stepping ~*~*~tactically~*~*~ (stealth).
 10010 | D:8      | 10010 ||| Stepping ~*~*~tactically~*~*~ (hiding).
 10180 | D:8      | 10180 ||| SWAPPING to +1 war axe.
 10181 | D:8      | 10181 ||| DROPPING +0 war axe.
 10430 | D:8      | 10430 ||| UPGRADING to ring of protection from cold.
 10432 | D:8      | 10432 ||| DRINKING 2 fuming inky potions.
 10433 | D:8      | 10433 ||| DROPPING potion of magic.
 10484 | D:9      | Noticed a red ugly thing
 10485 | D:9      | 10485 ||| INVOKING Berserk.
 10488 | D:9      | Reached skill level 9 in Fighting
 10494 | D:9      | Killed a red ugly thing
 10499 | D:9      | Gained mutation: You occasionally lose the ability to drink
                  | potions when taking damage. [hidden defects]
 10499 | D:9      | Lost mutation: You have terrible hidden genetic defects.
                  | [hidden defects expressed]
 10611 | D:9      | 10611 ||| DRINKING 2 potions of mutation.
 10611 | D:9      | Lost mutation: Your muscles are strong. (Str +4, Int/Dex
                  | -1) [potion of mutation]
 10611 | D:9      | Lost mutation: You occasionally lose the ability to drink
                  | potions when taking damage. [potion of mutation]
 10611 | D:9      | Lost mutation: You are partially covered in iridescent
                  | scales. (AC +2) [potion of mutation]
 10611 | D:9      | Gained mutation: You are agile. (Dex +4, Str/Int -1)
                  | [potion of mutation]
 10611 | D:9      | Gained mutation: You are partially covered in iridescent
                  | scales. (AC +2) [potion of mutation]
 10813 | D:9      | 10813 ||| INVOKING Berserk.
 10956 | D:9      | 10956 ||| READING scroll of enchant armour.
 10956 | D:9      | 10956 ||| ENCHANTING +0 plate armour.
 10983 | D:9      | Noticed a two-headed ogre
 10986 | D:9      | 10986 ||| INVOKING Berserk.
 10989 | D:9      | Killed a two-headed ogre
 10990 | D:9      | Reached XP level 11. HP: 97/97 MP: 10/10
 11005 | D:9      | Gained mutation: You occasionally lose the ability to read
                  | scrolls when taking damage. [hidden defects]
 11099 | D:9      | 11099 ||| DRINKING potion of mutation.
 11099 | D:9      | Lost mutation: You are agile. (Dex +4, Str/Int -1) [potion
                  | of mutation]
 11099 | D:9      | Lost mutation: You occasionally lose the ability to read
                  | scrolls when taking damage. [potion of mutation]
 11099 | D:9      | Lost mutation: You have hidden genetic defects. [potion of
                  | mutation]
 11099 | D:9      | Gained mutation: You have large cloven feet. [potion of
                  | mutation]
 11248 | D:9      | 11248 ||| Stepping ~*~*~tactically~*~*~ (hiding).
 11249 | D:9      | 11249 ||| Stepping ~*~*~tactically~*~*~ (hiding).
 11341 | D:9      | Noticed Erica
 11342 | D:9      | 11342 ||| Stepping ~*~*~tactically~*~*~ (hiding).
 11347 | D:9      | 11347 ||| INVOKING Berserk.
 11353 | D:9      | Killed Erica
 11423 | D:9      | 11423 ||| INVOKING Berserk.
 12078 | D:9      | 12078 ||| UPGRADING to amulet of reflection.
 12083 | D:9      | 12083 ||| READING scroll labelled GUXANN VISI.
 12084 | D:9      | 12084 ||| DROPPING +3 hand axe of flaming.
 12100 | D:10     | Entered Level 10 of the Dungeon
 12127 | D:10     | 12127 ||| Stepping ~*~*~tactically~*~*~ (hiding).
 12273 | D:10     | Reached skill level 6 in Shields
 12413 | D:10     | 12413 ||| Stepping ~*~*~tactically~*~*~ (stealth).
 12586 | D:10     | Noticed a cyan ugly thing
 12594 | D:10     | 12594 ||| INVOKING Berserk.
 12598 | D:10     | Killed a cyan ugly thing
 12945 | D:10     | Found a staircase to the Lair.
 12947 | D:10     | 12947 ||| Stepping ~*~*~tactically~*~*~ (stealth).
 12949 | D:10     | 12949 ||| INVOKING Berserk.
 13091 | D:10     | 13091 ||| PLANNING LAIR
 13091 | D:10     | 13091 ||| DROPPING +1 cloak.
 13125 | Lair:1   | Entered Level 1 of the Lair of Beasts
 13182 | Lair:1   | Reached skill level 3 in Throwing
 13302 | Lair:1   | 13302 ||| INVOKING Berserk.
 13433 | Lair:1   | 13433 ||| INVOKING Berserk.
 13437 | Lair:1   | Reached skill level 9 in Armour
 13439 | Lair:1   | Identified the +1 leather armour of the Endless Expanse
                  | {Rampage *Slow rCorr Stlth+}
 13654 | Lair:1   | 13654 ||| Stepping ~*~*~tactically~*~*~ (stealth).
 13655 | Lair:1   | 13655 ||| Stepping ~*~*~tactically~*~*~ (stealth).
 13657 | Lair:1   | 13657 ||| INVOKING Berserk.
 13868 | Lair:1   | 13868 ||| Stepping ~*~*~tactically~*~*~ (hiding).
 13938 | Lair:1   | 13938 ||| INVOKING Berserk.
 13967 | Lair:1   | Reached XP level 12. HP: 97/110 MP: 11/11
 14172 | Lair:1   | 14172 ||| SWAPPING to +2 war axe of freezing.
 14406 | Lair:1   | 14406 ||| DROPPING scarf of harm.
 14407 | Lair:1   | 14407 ||| READING scroll labelled XIOJUOZOIMP.
 14408 | Lair:1   | 14408 ||| READING 7 scrolls of identify.
 14408 | Lair:1   | 14408 ||| IDENTIFYING fizzy emerald potion
 14522 | Lair:2   | 14522 ||| INVOKING Berserk.
 14526 | Lair:2   | Reached skill level 12 in Fighting
 14743 | Lair:2   | Found a staircase to the Shoals.
 14744 | Lair:2   | 14744 ||| FLEEEEING.
 14751 | Lair:2   | 14751 ||| FLEEEEING.
 15203 | Lair:2   | 15203 ||| DRINKING 2 potions of cancellation.
 15204 | Lair:2   | 15204 ||| DRINKING potion of cancellation.
 15595 | Lair:3   | 15595 ||| INVOKING Berserk.
 15614 | Lair:3   | 15614 ||| STAIRDANCE
 15746 | Lair:3   | 15746 ||| STAIRDANCE
 15748 | Lair:2   | 15748 ||| INVOKING Berserk.
 15756 | Lair:2   | 15756 ||| FLEEEEING.
 16132 | Lair:3   | Found a transporter.
 16135 | Lair:3   | Noticed qw's ghost (journeyman MiBe)
 16137 | Lair:3   | Found a transporter.
 16137 | Lair:3   | Noticed a boulder beetle
 16161 | Lair:3   | Reached skill level 9 in Shields
 16176 | Lair:3   | 16176 ||| Stepping ~*~*~tactically~*~*~ (stealth).
 16205 | Lair:3   | 16205 ||| Stepping ~*~*~tactically~*~*~ (stealth).
 16216 | Lair:3   | Reached ***** piety under Trog
 16241 | Lair:3   | 16241 ||| Stepping ~*~*~tactically~*~*~ (hiding).
 16304 | Lair:3   | 16304 ||| Stepping ~*~*~tactically~*~*~ (stealth).
 16317 | Lair:3   | 16317 ||| INVOKING Berserk.
 16503 | Lair:3   | 16503 ||| Stepping ~*~*~tactically~*~*~ (stealth).
 16664 | Lair:3   | 16664 ||| Stepping ~*~*~tactically~*~*~ (stealth).
 16666 | Lair:3   | 16666 ||| Stepping ~*~*~tactically~*~*~ (hiding).
 16672 | Lair:3   | 16672 ||| INVOKING Berserk.
 16686 | Lair:3   | 16686 ||| Stepping ~*~*~tactically~*~*~ (stealth).
 16689 | Lair:3   | 16689 ||| Stepping ~*~*~tactically~*~*~ (stealth).
 16736 | Lair:3   | Found a hole to the Spider Nest.
 16788 | Lair:3   | 16788 ||| Stepping ~*~*~tactically~*~*~ (stealth).
 17079 | Lair:3   | 17079 ||| UPGRADING to +0 pair of gloves.
 17084 | Lair:3   | 17084 ||| READING scroll labelled QISHODD DIJABB.
 17085 | Lair:3   | 17085 ||| READING 6 scrolls of identify.
 17085 | Lair:3   | 17085 ||| IDENTIFYING blue potion
 17086 | Lair:3   | 17086 ||| DROPPING potion of berserk rage.
 17109 | Lair:4   | Reached XP level 13. HP: 124/124 MP: 12/12
 17209 | Lair:4   | Reached skill level 12 in Armour
 17231 | Lair:4   | 17231 ||| READING scroll of brand weapon.
 17231 | Lair:4   | 17231 ||| BRANDING +2 war axe of freezing.
 17277 | Lair:4   | 17277 ||| Stepping ~*~*~tactically~*~*~ (stealth).
 17281 | Lair:4   | 17281 ||| Stepping ~*~*~tactically~*~*~ (stealth).
 17304 | Lair:4   | Reached skill level 6 in Dodging
 17585 | Lair:4   | 17585 ||| Stepping ~*~*~tactically~*~*~ (hiding).
 18060 | Lair:5   | Entered Level 5 of the Lair of Beasts
 18061 | Lair:5   | 18061 ||| PLANNING GAUNTLET
 18083 | Lair:5   | 18083 ||| Stepping ~*~*~tactically~*~*~ (stealth).
 18085 | Lair:5   | 18085 ||| Stepping ~*~*~tactically~*~*~ (stealth).
 18086 | Lair:5   | 18086 ||| Stepping ~*~*~tactically~*~*~ (stealth).
 18098 | Lair:5   | 18098 ||| Stepping ~*~*~tactically~*~*~ (stealth).
 18107 | Lair:5   | 18107 ||| Stepping ~*~*~tactically~*~*~ (stealth).
 18114 | Lair:5   | 18114 ||| FLEEEEING.
 18115 | Lair:5   | 18115 ||| FLEEEEING.
 18116 | Lair:5   | 18116 ||| FLEEEEING.
 18117 | Lair:5   | 18117 ||| STAIRDANCE
 18169 | Lair:5   | 18169 ||| STAIRDANCE
 18186 | Lair:5   | 18186 ||| STAIRDANCE
 18192 | Lair:4   | Received a gift from Trog
 18193 | Lair:4   | Reached skill level 6 in Throwing
 18195 | Lair:5   | 18195 ||| INVOKING Berserk.
 18212 | Lair:5   | 18212 ||| STAIRDANCE
 18342 | Lair:5   | 18342 ||| Stepping ~*~*~tactically~*~*~ (stealth).
 18343 | Lair:5   | 18343 ||| INVOKING Brothers in Arms.
 18344 | Lair:5   | 18344 ||| INVOKING Berserk.
 18458 | Lair:5   | 18458 ||| INVOKING Brothers in Arms.
 18459 | Lair:5   | 18459 ||| INVOKING Berserk.
 18555 | Lair:5   | 18555 ||| RIP GAUNTLET
 18566 | Lair:5   | 18566 ||| PLANNING LAIR
 18576 | Lair:5   | 18576 ||| Stepping ~*~*~tactically~*~*~ (stealth).
 18578 | Lair:5   | 18578 ||| Stepping ~*~*~tactically~*~*~ (stealth).
 18580 | Lair:5   | 18580 ||| INVOKING Berserk.
 18601 | Lair:5   | 18601 ||| INVOKING Brothers in Arms.
 18879 | Lair:5   | 18879 ||| Stepping ~*~*~tactically~*~*~ (hiding).
 18981 | Lair:5   | 18981 ||| INVOKING Berserk.
 19127 | Lair:5   | 19127 ||| Stepping ~*~*~tactically~*~*~ (stealth).
 19130 | Lair:5   | 19130 ||| Stepping ~*~*~tactically~*~*~ (stealth).
 19138 | Lair:5   | Reached skill level 15 in Fighting
 19142 | Lair:5   | 19142 ||| INVOKING Brothers in Arms.
 19149 | Lair:5   | 19149 ||| SWAPPING to +1 war axe of flaming.
 19152 | Lair:5   | 19152 ||| INVOKING Berserk.
 19161 | Lair:5   | 19161 ||| SWAPPING to +2 war axe of protection.
 19293 | Lair:5   | 19293 ||| INVOKING Berserk.
 19419 | Lair:5   | 19419 ||| Stepping ~*~*~tactically~*~*~ (stealth).
 19430 | Lair:5   | Noticed Josephine
 19453 | Lair:5   | Killed Josephine
 19455 | Lair:5   | 19455 ||| Stepping ~*~*~tactically~*~*~ (stealth).
 19476 | Lair:5   | 19476 ||| Stepping ~*~*~tactically~*~*~ (stealth).
 19477 | Lair:5   | 19477 ||| Stepping ~*~*~tactically~*~*~ (stealth).
 19480 | Lair:5   | 19480 ||| Stepping ~*~*~tactically~*~*~ (stealth).
 19481 | Lair:5   | 19481 ||| Stepping ~*~*~tactically~*~*~ (stealth).
 19486 | Lair:5   | 19486 ||| INVOKING Berserk.
 19620 | Lair:5   | 19620 ||| INVOKING Brothers in Arms.
 19621 | Lair:5   | 19621 ||| INVOKING Brothers in Arms.
 19623 | Lair:5   | 19623 ||| SWAPPING to +1 war axe of flaming.
 19624 | Lair:5   | 19624 ||| INVOKING Berserk.
 19644 | Lair:5   | 19644 ||| SWAPPING to +2 war axe of protection.
 19852 | Lair:5   | Noticed Rupert
 19853 | Lair:5   | 19853 ||| INVOKING Trog's Hand.
 19866 | Lair:5   | 19866 ||| INVOKING Trog's Hand.
 19871 | Lair:5   | 19871 ||| INVOKING Berserk.
 19877 | Lair:5   | Killed Rupert
 20168 | Lair:5   | 20168 ||| Stepping ~*~*~tactically~*~*~ (stealth).
 20173 | Lair:5   | 20173 ||| INVOKING Berserk.
 20191 | Lair:5   | 20191 ||| Stepping ~*~*~tactically~*~*~ (stealth).
 20294 | Lair:5   | 20294 ||| Stepping ~*~*~tactically~*~*~ (hiding).
 20299 | Lair:5   | Reached XP level 14. HP: 127/135 MP: 13/13
 20322 | Lair:5   | 20322 ||| Stepping ~*~*~tactically~*~*~ (stealth).
 20323 | Lair:5   | 20323 ||| Stepping ~*~*~tactically~*~*~ (stealth).
 20350 | Lair:5   | 20350 ||| Stepping ~*~*~tactically~*~*~ (stealth).
 20366 | Lair:5   | 20366 ||| Stepping ~*~*~tactically~*~*~ (stealth).
 20371 | Lair:5   | 20371 ||| Stepping ~*~*~tactically~*~*~ (stealth).
 20379 | Lair:5   | 20379 ||| INVOKING Berserk.
 20427 | Lair:5   | 20427 ||| Stepping ~*~*~tactically~*~*~ (stealth).
 20619 | Lair:5   | 20619 ||| Stepping ~*~*~tactically~*~*~ (stealth).
 20625 | Lair:5   | 20625 ||| Stepping ~*~*~tactically~*~*~ (stealth).
 20626 | Lair:5   | 20626 ||| Stepping ~*~*~tactically~*~*~ (stealth).
 20644 | Lair:5   | 20644 ||| Stepping ~*~*~tactically~*~*~ (stealth).
 20646 | Lair:5   | 20646 ||| Stepping ~*~*~tactically~*~*~ (stealth).
 20692 | Lair:5   | 20692 ||| Stepping ~*~*~tactically~*~*~ (stealth).
 20694 | Lair:5   | 20694 ||| Stepping ~*~*~tactically~*~*~ (hiding).
 20817 | Lair:5   | 20817 ||| Stepping ~*~*~tactically~*~*~ (stealth).
 20841 | Lair:5   | 20841 ||| Stepping ~*~*~tactically~*~*~ (stealth).
 20863 | Lair:5   | 20863 ||| Stepping ~*~*~tactically~*~*~ (stealth).
 20985 | Lair:5   | Found a runed translucent door.
 20986 | Lair:5   | 20986 ||| INVOKING Berserk.
 21117 | Lair:5   | 21117 ||| FLEEEEING.
 21118 | Lair:5   | 21118 ||| FLEEEEING.
 21119 | Lair:5   | 21119 ||| FLEEEEING.
 21120 | Lair:5   | 21120 ||| FLEEEEING.
 21121 | Lair:5   | 21121 ||| FLEEEEING.
 21122 | Lair:5   | 21122 ||| FLEEEEING.
 21123 | Lair:5   | 21123 ||| FLEEEEING.
 21124 | Lair:5   | 21124 ||| FLEEEEING.
 21125 | Lair:5   | 21125 ||| FLEEEEING.
 21126 | Lair:5   | 21126 ||| FLEEEEING.
 21127 | Lair:5   | 21127 ||| FLEEEEING.
 21128 | Lair:5   | 21128 ||| FLEEEEING.
 21131 | Lair:5   | 21131 ||| FLEEEEING.
 21133 | Lair:5   | 21133 ||| FLEEEEING.
 21134 | Lair:5   | 21134 ||| FLEEEEING.
 21136 | Lair:5   | 21136 ||| INVOKING Berserk.
 21263 | Lair:5   | 21263 ||| Stepping ~*~*~tactically~*~*~ (stealth).
 21265 | Lair:5   | 21265 ||| Stepping ~*~*~tactically~*~*~ (stealth).
 21279 | Lair:5   | 21279 ||| INVOKING Berserk.
 21441 | Lair:5   | 21441 ||| Stepping ~*~*~tactically~*~*~ (hiding).
 21444 | Lair:5   | 21444 ||| INVOKING Berserk.
 21556 | Lair:5   | 21556 ||| INVOKING Berserk.
 21760 | Lair:5   | Found a runed translucent door.
 21760 | Lair:5   | Found a viscous altar of Jiyva.
 21766 | Lair:5   | Found a staircase to the Slime Pits.
 21766 | Lair:5   | Noticed an acid blob
 21823 | Lair:5   | Reached skill level 15 in Armour
 21953 | Lair:5   | 21953 ||| PLANNING D:1-11
 21953 | Lair:5   | 21953 ||| READING 2 scrolls labelled SIRIEQYXEUG.
 21953 | Lair:5   | Identified 2 scrolls of acquirement
 21953 | Lair:5   | 21953 ||| ACQUIRING +1 pair of gloves of the Shore {rF+ rC+
                  | Regen+ Slay+2}
 21953 | Lair:5   | Acquired the +1 pair of gloves of the Shore {rF+ rC+ Regen+
                  | Slay+2}
 21955 | Lair:5   | 21955 ||| UPGRADING to +1 pair of gloves of the Shore {rF+
                  | rC+ Regen+ Slay+2}.
 21965 | Lair:5   | 21965 ||| DROPPING +0 pair of gloves.
 21966 | Lair:5   | 21966 ||| READING scroll of acquirement.
 21966 | Lair:5   | 21966 ||| ACQUIRING amulet "Tebroef" {Spirit -Tele rC++
                  | Will+ Int+3}
 21966 | Lair:5   | Acquired the amulet "Tebroef" {Spirit -Tele rC++ Will+
                  | Int+3}
 21968 | Lair:5   | 21968 ||| READING 9 scrolls of identify.
 21968 | Lair:5   | 21968 ||| IDENTIFYING bubbling brown potion
 21969 | Lair:5   | 21969 ||| READING 8 scrolls of identify.
 21969 | Lair:5   | 21969 ||| IDENTIFYING puce potion
 21970 | Lair:5   | 21970 ||| DROPPING potion of brilliance.
 21971 | Lair:5   | 21971 ||| DROPPING potion of invisibility.
 22147 | D:11     | 22147 ||| Stepping ~*~*~tactically~*~*~ (stealth).
 22149 | D:11     | 22149 ||| Stepping ~*~*~tactically~*~*~ (stealth).
 22227 | D:11     | 22227 ||| Stepping ~*~*~tactically~*~*~ (hiding).
 22229 | D:11     | 22229 ||| Stepping ~*~*~tactically~*~*~ (hiding).
 22231 | D:11     | 22231 ||| INVOKING Brothers in Arms.
 22232 | D:11     | 22232 ||| INVOKING Brothers in Arms.
 22233 | D:11     | 22233 ||| SWAPPING to +1 war axe of flaming.
 22234 | D:11     | 22234 ||| INVOKING Berserk.
 22258 | D:11     | 22258 ||| SWAPPING to +2 war axe of protection.
 22561 | D:11     | 22561 ||| Stepping ~*~*~tactically~*~*~ (stealth).
 22566 | D:11     | 22566 ||| Stepping ~*~*~tactically~*~*~ (stealth).
 22733 | D:11     | 22733 ||| DRINKING 12 potions of curing.
 22733 | D:11     | 22733 ||| (to cure confusion)
 22747 | D:11     | 22747 ||| Stepping ~*~*~tactically~*~*~ (stealth).
 22783 | D:11     | Noticed Sonja
 22799 | D:11     | Killed Sonja
 22992 | D:11     | 22992 ||| PLANNING D
 22992 | D:11     | 22992 ||| DROPPING +1 cloak.
 23114 | D:12     | 23114 ||| Stepping ~*~*~tactically~*~*~ (hiding).
 23115 | D:12     | 23115 ||| Stepping ~*~*~tactically~*~*~ (hiding).
 23116 | D:12     | 23116 ||| Stepping ~*~*~tactically~*~*~ (hiding).
 23226 | D:12     | 23226 ||| Stepping ~*~*~tactically~*~*~ (stealth).
 23234 | D:12     | 23234 ||| Stepping ~*~*~tactically~*~*~ (stealth).
 23244 | D:12     | 23244 ||| INVOKING Berserk.
 23408 | D:12     | Found a staircase to the Orcish Mines.
 23581 | D:12     | 23581 ||| Stepping ~*~*~tactically~*~*~ (stealth).
 23582 | D:12     | 23582 ||| Stepping ~*~*~tactically~*~*~ (stealth).
 23588 | D:12     | 23588 ||| Stepping ~*~*~tactically~*~*~ (stealth).
 23589 | D:12     | 23589 ||| Stepping ~*~*~tactically~*~*~ (stealth).
 23647 | D:12     | 23647 ||| INVOKING Brothers in Arms.
 23648 | D:12     | 23648 ||| INVOKING Brothers in Arms.
 23650 | D:12     | 23650 ||| SWAPPING to +1 war axe of flaming.
 23651 | D:12     | 23651 ||| INVOKING Berserk.
 23666 | D:12     | 23666 ||| SWAPPING to +2 war axe of protection.
 23921 | D:12     | 23921 ||| Stepping ~*~*~tactically~*~*~ (hiding).
 23963 | D:12     | 23963 ||| Stepping ~*~*~tactically~*~*~ (stealth).
 23964 | D:12     | 23964 ||| Stepping ~*~*~tactically~*~*~ (stealth).
 23971 | D:12     | 23971 ||| Stepping ~*~*~tactically~*~*~ (hiding).
 24040 | D:12     | 24040 ||| Stepping ~*~*~tactically~*~*~ (stealth).
 24148 | D:12     | 24148 ||| INVOKING Brothers in Arms.
 24150 | D:12     | 24150 ||| SWAPPING to +1 war axe of flaming.
 24151 | D:12     | 24151 ||| INVOKING Berserk.
 24158 | D:12     | 24158 ||| SWAPPING to +2 war axe of protection.
 24522 | D:13     | 24522 ||| STAIRDANCE
 24545 | D:13     | 24545 ||| Stepping ~*~*~tactically~*~*~ (hiding).
 24672 | D:13     | 24672 ||| Stepping ~*~*~tactically~*~*~ (hiding).
 24677 | D:13     | Noticed Lodul
 24678 | D:13     | 24678 ||| INVOKING Berserk.
 24688 | D:13     | Killed Lodul
 24709 | D:13     | 24709 ||| Stepping ~*~*~tactically~*~*~ (stealth).
 24735 | D:13     | 24735 ||| Stepping ~*~*~tactically~*~*~ (stealth).
 24738 | D:13     | 24738 ||| Stepping ~*~*~tactically~*~*~ (stealth).
 24739 | D:13     | 24739 ||| Stepping ~*~*~tactically~*~*~ (stealth).
 24767 | D:13     | Reached skill level 18 in Fighting
 24788 | D:13     | 24788 ||| Stepping ~*~*~tactically~*~*~ (hiding).
 24902 | D:13     | Noticed an orc warlord
 24903 | D:13     | 24903 ||| INVOKING Brothers in Arms.
 24904 | D:13     | 24904 ||| INVOKING Berserk.
 24912 | D:13     | Killed an orc warlord
 24913 | D:13     | Reached XP level 15. HP: 149/149 MP: 14/14
 25067 | D:13     | 25067 ||| INVOKING Berserk.
 25205 | D:13     | Identified the +2 trident "qw's Regret" {holy, Will+ Int+4}
 25281 | D:13     | Noticed Erolcha
 25282 | D:13     | 25282 ||| Stepping ~*~*~tactically~*~*~ (hiding).
 25284 | D:13     | 25284 ||| FLEEEEING.
 25285 | D:13     | 25285 ||| FLEEEEING.
 25286 | D:13     | 25286 ||| FLEEEEING.
 25287 | D:13     | 25287 ||| FLEEEEING.
 25288 | D:13     | 25288 ||| FLEEEEING.
 25292 | D:13     | 25292 ||| FLEEEEING.
 25293 | D:13     | 25293 ||| FLEEEEING.
 25294 | D:13     | 25294 ||| FLEEEEING.
 25295 | D:13     | 25295 ||| FLEEEEING.
 25296 | D:13     | 25296 ||| FLEEEEING.
 25298 | D:13     | 25298 ||| INVOKING Trog's Hand.
 25309 | D:13     | Killed Erolcha
 25593 | D:13     | 25593 ||| Stepping ~*~*~tactically~*~*~ (hiding).
 25620 | D:13     | 25620 ||| INVOKING Berserk.
 25710 | D:13     | Found the +7 great mace "Undeadhunter" {disrupt, rN+}
 25721 | D:13     | Identified the ring "Ineesaru" {rN+ AC+4 Int+4}
 26050 | D:13     | 26050 ||| UPGRADING to +0 pair of boots.
 26055 | D:13     | 26055 ||| UPGRADING to +0 kite shield.
 26065 | D:13     | 26065 ||| DROPPING +0 buckler.
 26066 | D:13     | 26066 ||| DROPPING ring of positive energy.
 26067 | D:13     | 26067 ||| UPGRADING to ring "Ineesaru" {rN+ AC+4 Int+4}.
 26069 | D:13     | 26069 ||| UPGRADING to +4 ring of protection.
 26071 | D:13     | 26071 ||| DROPPING ring of protection from cold.
 26245 | D:14     | Reached skill level 12 in Shields
 26383 | D:14     | Found a gate to the Vaults.
 26408 | D:14     | 26408 ||| Stepping ~*~*~tactically~*~*~ (hiding).
 26409 | D:14     | 26409 ||| Stepping ~*~*~tactically~*~*~ (hiding).
 26926 | D:14     | 26926 ||| FLEEEEING.
 26953 | D:14     | 26953 ||| DROPPING amulet of regeneration.
 26967 | D:15     | Entered Level 15 of the Dungeon
 27005 | D:15     | Found a basalt altar of Yredelemnul.
 27048 | D:15     | 27048 ||| Stepping ~*~*~tactically~*~*~ (hiding).
 27050 | D:15     | 27050 ||| Stepping ~*~*~tactically~*~*~ (hiding).
 27051 | D:15     | 27051 ||| Stepping ~*~*~tactically~*~*~ (hiding).
 27146 | D:15     | 27146 ||| Stepping ~*~*~tactically~*~*~ (hiding).
 27147 | D:15     | 27147 ||| Stepping ~*~*~tactically~*~*~ (hiding).
 27183 | D:15     | Noticed Kirke
 27184 | D:15     | 27184 ||| INVOKING Trog's Hand.
 27185 | D:15     | 27185 ||| INVOKING Brothers in Arms.
 27186 | D:15     | Noticed a sphinx
 27188 | D:15     | 27188 ||| INVOKING Berserk.
 27202 | D:15     | Killed Kirke
 27378 | D:15     | 27378 ||| INVOKING Trog's Hand.
 27574 | D:15     | 27574 ||| Stepping ~*~*~tactically~*~*~ (hiding).
 27580 | D:15     | 27580 ||| INVOKING Trog's Hand.
 27584 | D:15     | 27584 ||| INVOKING Berserk.
 27711 | D:15     | Found a staircase to the Depths.
 27811 | D:15     | 27811 ||| PLANNING ORC
 27903 | Orc:1    | Entered Level 1 of the Orcish Mines
 27970 | Orc:2    | Entered Level 2 of the Orcish Mines
 28104 | Orc:2    | 28104 ||| INVOKING Berserk.
 28118 | Orc:2    | Found Qooliyre's Armour Shop.
 28118 | Orc:2    | Found Vebb's General Store.
 28133 | Orc:2    | 28133 ||| Stepping ~*~*~tactically~*~*~ (stealth).
 28134 | Orc:2    | 28134 ||| Stepping ~*~*~tactically~*~*~ (stealth).
 28134 | Orc:2    | Found Cocero's Assorted Antiques.
 28136 | Orc:2    | 28136 ||| Stepping ~*~*~tactically~*~*~ (stealth).
 28175 | Orc:2    | Found Baphy's Assorted Antiques.
 28182 | Orc:2    | 28182 ||| BUYING +3 chain mail of cold resistance (371
                  | gold).
 28182 | Orc:2    | Bought a +3 chain mail of cold resistance for 371 gold
                  | pieces
 28182 | Orc:2    | 28182 ||| BUYING 2 potions of might (112 gold).
 28182 | Orc:2    | Bought 2 potions of might for 112 gold pieces
 28182 | Orc:2    | 28182 ||| BUYING potion of heal wounds (70 gold).
 28182 | Orc:2    | Bought a potion of heal wounds for 70 gold pieces
 28182 | Orc:2    | 28182 ||| SWAPPING to +0 broad axe.
 28183 | Orc:2    | 28183 ||| DROPPING +2 war axe of protection.
 28185 | Orc:2    | 28185 ||| BUYING +2 cloak of willpower (322 gold).
 28185 | Orc:2    | Bought a +2 cloak of willpower for 322 gold pieces
 28187 | Orc:2    | 28187 ||| BUYING potion of heal wounds (100 gold).
 28187 | Orc:2    | Bought a potion of heal wounds for 100 gold pieces
 28187 | Orc:2    | 28187 ||| BUYING scroll of enchant armour (150 gold).
 28187 | Orc:2    | Bought a scroll of enchant armour for 150 gold pieces
 28187 | Orc:2    | 28187 ||| READING scroll of enchant armour.
 28187 | Orc:2    | 28187 ||| ENCHANTING +0 pair of boots.
 28193 | Orc:2    | 28193 ||| BUYING potion of might (108 gold).
 28193 | Orc:2    | Bought a potion of might for 108 gold pieces
 28193 | Orc:2    | 28193 ||| BUYING potion of mutation (216 gold).
 28193 | Orc:2    | Bought a potion of mutation for 216 gold pieces
 28193 | Orc:2    | 28193 ||| BUYING sapphire ring (135 gold).
 28193 | Orc:2    | Bought a sapphire ring for 135 gold pieces
 28193 | Orc:2    | 28193 ||| SHOPLISTING scroll of enchant weapon (202 gold,
                  | have 142).
 28230 | Orc:2    | 28230 ||| Stepping ~*~*~tactically~*~*~ (stealth).
 28275 | Orc:2    | 28275 ||| Stepping ~*~*~tactically~*~*~ (stealth).
 28277 | Orc:2    | 28277 ||| Stepping ~*~*~tactically~*~*~ (hiding).
 28285 | Orc:2    | 28285 ||| Stepping ~*~*~tactically~*~*~ (hiding).
 28287 | Orc:2    | 28287 ||| Stepping ~*~*~tactically~*~*~ (hiding).
 28288 | Orc:2    | 28288 ||| Stepping ~*~*~tactically~*~*~ (hiding).
 28289 | Orc:2    | 28289 ||| Stepping ~*~*~tactically~*~*~ (hiding).
 28411 | Orc:2    | 28411 ||| Stepping ~*~*~tactically~*~*~ (stealth).
 28419 | Orc:2    | 28419 ||| INVOKING Berserk.
 28545 | Orc:2    | Found a staircase to the Elven Halls.
 28566 | Orc:2    | 28566 ||| UPGRADING to +2 cloak of willpower.
 28576 | Orc:2    | 28576 ||| DROPPING +2 cloak.
 28577 | Orc:2    | 28577 ||| UPGRADING to +0 plate armour of willpower.
 28587 | Orc:2    | 28587 ||| DROPPING +6 ring of strength.
 28600 | Orc:1    | 28600 ||| Stepping ~*~*~tactically~*~*~ (hiding).
 28602 | Orc:1    | 28602 ||| INVOKING Trog's Hand.
 28603 | Orc:1    | 28603 ||| INVOKING Berserk.
 28832 | Orc:1    | 28832 ||| Stepping ~*~*~tactically~*~*~ (hiding).
 28841 | Orc:1    | 28841 ||| Stepping ~*~*~tactically~*~*~ (hiding).
 28866 | Orc:1    | Received a gift from Trog
 28868 | Orc:1    | 28868 ||| DROPPING +0 vorpal war axe.
 28876 | Orc:1    | 28876 ||| Stepping ~*~*~tactically~*~*~ (stealth).
 28878 | Orc:1    | 28878 ||| Stepping ~*~*~tactically~*~*~ (hiding).
 28879 | Orc:1    | 28879 ||| Stepping ~*~*~tactically~*~*~ (hiding).
 29165 | Orc:1    | 29165 ||| PLANNING SHOALS:1-3
 29398 | Shoals:1 | Entered Level 1 of the Shoals
 29436 | Shoals:1 | 29436 ||| INVOKING Berserk.
 29594 | Shoals:1 | 29594 ||| INVOKING Berserk.
 29693 | Shoals:1 | 29693 ||| Stepping ~*~*~tactically~*~*~ (hiding).
 29694 | Shoals:1 | 29694 ||| Stepping ~*~*~tactically~*~*~ (hiding).
 29696 | Shoals:1 | 29696 ||| Stepping ~*~*~tactically~*~*~ (hiding).
 29697 | Shoals:1 | 29697 ||| Stepping ~*~*~tactically~*~*~ (hiding).
 29698 | Shoals:1 | 29698 ||| Stepping ~*~*~tactically~*~*~ (hiding).
 29748 | Shoals:1 | Found Desukim's Overcharged Wands.
 29757 | Shoals:1 | 29757 ||| Stepping ~*~*~tactically~*~*~ (hiding).
 29759 | Shoals:1 | 29759 ||| SHOPLISTING wand of digging (11) (693 gold, have
                  | 493).
 29763 | Shoals:1 | Reached XP level 16. HP: 157/157 MP: 15/15
 29763 | Shoals:1 | 29763 ||| Stepping ~*~*~tactically~*~*~ (hiding).
 29764 | Shoals:1 | 29764 ||| Stepping ~*~*~tactically~*~*~ (hiding).
 29765 | Shoals:1 | 29765 ||| Stepping ~*~*~tactically~*~*~ (hiding).
 29992 | Shoals:1 | Found Vuipn's Jewellery Shoppe.
 30237 | Shoals:1 | 30237 ||| Stepping ~*~*~tactically~*~*~ (hiding).
 30240 | Shoals:1 | 30240 ||| Stepping ~*~*~tactically~*~*~ (water).
 30242 | Shoals:1 | 30242 ||| Stepping ~*~*~tactically~*~*~ (water).
 30270 | Shoals:1 | Reached skill level 18 in Axes
 30312 | Shoals:1 | Reached skill level 15 in Shields
 30498 | Shoals:1 | 30498 ||| DROPPING +3 chain mail.
 30541 | Shoals:2 | 30541 ||| INVOKING Berserk.
 30554 | Shoals:2 | HP: 57/235 [merfolk aquamancer/torrent of water (30)]
 30558 | Shoals:2 | HP: 14/234 [merfolk aquamancer/torrent of water (39)]
 30559 | Shoals:2 | HP: 5/157 [poisoned by a merfolk impaler]
 30559 | Shoals:2 | HP: 2/157 [merfolk aquamancer/+2 rapier of draining (3)]
 30560 | Shoals:2 | 30560 ||| READING 11 scrolls of teleportation.
 30560 | Shoals:2 | Succumbed to a merfolk impaler's poison

Levels and vault maps discovered:
D:1:      dpeg_arrival_erosion, layout_basic, chequers_ecumenical_altar_twisty
D:2:      layout_rooms
D:3:      layout_basic, mainiacjoe_overflow_catwalk_spiral, serial_shops,
          nicolae_shop_behind_doors, shop, nicolae_shop_behind_doors, shop,
          nicolae_shop_waterfront, kennysheep_generic_room_14
D:4:      layout_loops_ring, minmay_misc_feat_tower, lexackson_kobold_supper,
          uniq_natasha
D:5:      due_chaos_kobolds, layout_gridville, elyvilon_altar_5,
          nicolae_ossuary_entry_catacombs, minmay_misc_feat_nine_boxes,
          minmay_misc_feat_diagonals, serial_bayou_lagoon_a,
          guppyfry_early_orc_mine, uniq_prince_ribbit1, uniq_grinder,
          uniq_sigmund, uniq_pikel
D:6:      layout_loops_ring, serial_bayou_pond_c
D:7:      black_bear_nest_1, layout_basic, minmay_temple_entry_proselytizer,
          enter_bailey_6
D:8:      layout_basic, grunt_ministairs_1, uniq_joseph
D:9:      minmay_curly_fans, layout_grid_maze, uniq_erica
D:10:     layout_roguey, lair_entry_dummy
D:11:     layout_basic, uniq_sonja
D:12:     layout_loops_corners, david_orc_3, hangedman_decor_riveting
D:13:     minmay_the_grid_3x2 [minmay_the_grid_doors,
          minmay_the_grid_minigrid_large, minmay_the_grid_eight,
          minmay_the_grid_small_cups, minmay_the_grid_armoury,
          minmay_the_grid_prize_trominoes], layout_gridville, uniq_lodul,
          uniq_erolcha
D:14:     layout_roguey, erik_vaults_1, nicolae_triple_integral
D:15:     hangedman_depths_entry_try_elsewhere_first, layout_basic,
          minivault_23, yredelemnul_altar_generic, uniq_kirke
Lair:1:   layout_regular_city, beast_lair_carwin_8, grunt_megastairs_4,
          lemuel_fruit_tree, lemuel_fruit_fields
Lair:2:   layout_loops_ring, elwin_shoals_entry_stream,
          infiniplex_staircase_pool_2, grunt_megastairs_3
Lair:3:   layout_loops_ring, hellmonk_spider_entry_not_the_bees,
          gammafunk_ghost_arena, evilmike_ambush [evilmike_ambush_outer_basic,
          evilmike_ambush_inner_wall_2]
Lair:4:   layout_regular_city
Lair:5:   wormcave, layout_cellular_growth, hangedman_lair_caniforms_friends,
          slime_entry_2, gauntlet_entry_generic, kilobyte_rumbling_trees,
          uniq_rupert, uniq_josephine
Shoals:1: layout_shoals, nicolae_take_the_stairs, nicolae_shop_overcharged_wands
Shoals:2: layout_shoals, nicolae_shoals_water_shrine
Orc:1:    layout_diamond_mine, basic_altar, mines1_david
Orc:2:    st_orc_rangers, layout_diamond_mine

Skill      XL: |  1  2  3  4  5  6  7  8  9 10 11 12 13 14 15 16 |
---------------+-------------------------------------------------+-----
Axes           | 4 5 6 7 9 10 12 14 15 16 17 18 | 18.0
Fighting       | 4 6 7 8 9 11 14 15 18 | 18.1
Armour         | 4 7 10 11 14 15 16 | 16.0
Dodging        | 3 4 5 6 7 8 |  8.0
Throwing       | 1 2 3 4 7 |  7.0
Shields        | 5 7 9 10 11 14 15 | 15.7

Action                   |  1- 3 |  4- 6 |  7- 9 | 10-12 | 13-15 | 16-18 || total
-------------------------+-------+-------+-------+-------+-------+-------++-------
Melee: Hand axe          |    90 |    81 |       |       |       |       ||   171
       Headbutt          |    12 |    14 |    59 |    71 |   252 |    28 ||   436
       Punch             |       |     2 |     3 |     1 |       |       ||     6
       War axe           |       |    13 |   299 |   455 |   922 |       ||  1689
       Kick              |       |       |       |    79 |   308 |       ||   387
       Broad axe         |       |       |       |       |   124 |   138 ||   262
Throw: Boomerang         |       |       |    22 |   100 |   138 |    11 ||   271
       Javelin           |       |       |       |       |    39 |       ||    39
Invok: Berserk           |     1 |     5 |     9 |    21 |    32 |     1 ||    69
       Trog's Hand       |       |       |     2 |       |     7 |       ||     9
       Brothers in Arms  |       |       |       |       |    10 |       ||    10
  Use: Potion            |     1 |     1 |     5 |     7 |     1 |       ||    15
       Scroll            |       |     6 |     8 |     7 |     6 |     1 ||    28
 Stab: Distracted        |       |       |     2 |       |     1 |       ||     3
       Petrifying        |       |       |       |       |     1 |       ||     1
Armor: Animal skin       |     3 |       |       |       |       |       ||     3
       Ring mail         |    15 |    25 |    11 |       |       |       ||    51
       Chain mail        |       |       |    58 |       |       |       ||    58
       Plate armour      |       |       |    32 |   172 |   520 |    64 ||   788
Dodge: Dodged            |    44 |    36 |    84 |   110 |   286 |    41 ||   601
Block: Buckler           |       |       |       |   110 |   347 |       ||   457
       Reflection        |       |       |       |     9 |    85 |     5 ||    99
       Kite shield       |       |       |       |       |   230 |   138 ||   368

Table legend:
 A = Non-vault XP
 B = Vault XP
 C = Vault XP percentage of total XP
 D = Non-vault monster count
 E = Vault monster count
 F = Vault count percentage of total count
                 A         B        C        D         E       F
            +---------+---------+-------+---------+---------+-------
      Total |  105368 |   65196 |  38.2 |     512 |     282 |  35.5
            +---------+---------+-------+---------+---------+-------
        D:1 |      28 |       0 |   0.0 |      15 |       0 |   0.0
        D:2 |      87 |       0 |   0.0 |      21 |       0 |   0.0
        D:3 |     108 |       0 |   0.0 |      21 |       0 |   0.0
        D:4 |     405 |     141 |  25.8 |      16 |       9 |  36.0
        D:5 |     255 |    1464 |  85.2 |       9 |      16 |  64.0
        D:6 |    1046 |       0 |   0.0 |      26 |       0 |   0.0
        D:7 |    1426 |     162 |  10.2 |      29 |       2 |   6.5
        D:8 |    1067 |    1295 |  54.8 |      20 |       3 |  13.0
        D:9 |    2350 |    1443 |  38.0 |      17 |       3 |  15.0
       D:10 |    2594 |       0 |   0.0 |      20 |       0 |   0.0
       D:11 |    5341 |     776 |  12.7 |      38 |       1 |   2.6
       D:12 |    8428 |     349 |   4.0 |      32 |       5 |  13.5
       D:13 |    3579 |   16933 |  82.6 |       9 |      42 |  82.4
       D:14 |   12162 |    1654 |  12.0 |      21 |       2 |   8.7
       D:15 |    3642 |    4384 |  54.6 |       6 |       5 |  45.5
     Lair:1 |    5757 |    1178 |  17.0 |      24 |      10 |  29.4
     Lair:2 |    3923 |    2696 |  40.7 |      15 |       8 |  34.8
     Lair:3 |    6655 |    1935 |  22.5 |      30 |      10 |  25.0
     Lair:4 |    6216 |       0 |   0.0 |      16 |       0 |   0.0
     Lair:5 |   16497 |   19744 |  54.5 |      49 |      85 |  63.4
   Shoals:1 |   19928 |       0 |   0.0 |      39 |       0 |   0.0
   Shoals:2 |     179 |    2920 |  94.2 |       1 |       7 |  87.5
      Orc:1 |    2163 |       0 |   0.0 |      23 |       0 |   0.0
      Orc:2 |    1532 |    6301 |  80.4 |      15 |      36 |  70.6
    Ossuary |       0 |    1821 | 100.0 |       0 |      38 | 100.0
            +---------+---------+-------+---------+---------+-------
